Coyotes vs Penguins

Created - October 16, 2017 at 19:11

Goals
1 2 3 T
Coyotes 0 4 1 5
Penguins 0 1 2 3
Shots
1 2 3 T
Coyotes 11 17 4 32
Penguins 5 9 14 28

1st period

No Goal

Penalties :
Brayden Schenn (Pit) for Hooking (Minor) at 1:16, Max Pacioretty (Pit) for Slashing (Minor) at 15:51

2nd period

1. Coyotes , Chris Stewart 2 (Tyler Ennis 3, Nazem Kadri 3) at 0:38
2. Coyotes , Brad Richards 2 (Marian Gaborik 4, Eric Brewer 2) at 4:30 (PP)
3. Coyotes , Chris Stewart 3 (Nazem Kadri 4, Tyler Ennis 4) at 6:15
4. Coyotes , Enver Lisin 1 (Maxim Talbot 1, Michael Del Zotto 2) at 11:40
5. Penguins , Simon Gagné 1 (Brayden Schenn 1, Justin Williams 1) at 14:02

Penalties :
Justin Williams (Pit) for Hooking (Minor) at 3:17, Martin Samuelsson (Ari) for Hooking (Minor) at 7:16, Max Pacioretty (Pit) for High sticking (Minor) at 16:30

3rd period

6. Coyotes , Michael Del Zotto 1 (Marian Gaborik 5, Brad Richards 4) at 0:31
7. Penguins , Brian McGrattan 1 (Sam Gagner 1, Andrew Cogliano 1) at 18:37
8. Penguins , Brian McGrattan 2 (Keith Aulie 1, Sam Gagner 2) at 19:37 (PP)

Penalties :
Brian McGrattan (Pit) for Fighting (Major) at 0:45, Zach Parise (Ari) for Fighting (Major) at 0:45, Nazem Kadri (Ari) for Holding (Minor) at 4:36, Simon Gagné (Pit) for Slashing (Minor) at 11:59, Josh Gorges (Ari) for Holding (Minor) at 19:22

Goalie Stats

Ryan Miller (Ari), 25 saves from 28 shots - (0.893), W, 3-0-0, 60:00 minutes
Brian Elliott (Pit), 27 saves from 32 shots - (0.844), L, 0-2-0, 60:00 minutes

Players Stats for Coyotes

Player Name              G  A  P  +/- PIM S  H  SB GA TA FO     MP     PP MP  PK MP  
------------------------------------------------------------------------------------
Anton Stralman           0  0  0   3  0   0  1  0  0  2  0/0    26:02   4:29   3:24 
Brad Richards            1  1  2  -1  0   4  0  0  0  1  16/31  21:47   5:01   1:21 
Brooks Laich             0  0  0   0  0   0  1  0  0  0  2/3     7:31   0:00   0:00 
Chris Neil               0  0  0   0  0   0  1  0  0  0  0/0     7:31   0:00   0:00 
Chris Stewart            2  0  2   2  0   3  1  0  0  0  0/0    17:24   4:07   0:00 
Enver Lisin              1  0  1   1  0   1  0  0  0  0  0/0    11:00   0:00   0:00 
Eric Brewer              0  1  1   1  0   0  0  0  0  0  0/0    22:29   3:17   0:49 
Greg Zanon               0  0  0  -1  0   0  2  4  0  0  0/0    18:10   0:00   3:24 
Josh Gorges              0  0  0   0  2   4  2  1  0  1  0/0    23:15   3:17   0:49 
Kristopher Letang        0  0  0   0  0   0  0  1  0  0  0/0     2:22   1:03   0:00 
Marian Gaborik           0  2  2  -1  0   4  5  2  1  1  1/2    19:39   5:02   0:00 
Mark Bell                0  0  0   1  0   1  1  0  0  0  0/0    15:37   0:01   2:27 
Martin Samuelsson        0  0  0   0  2   3  0  0  0  0  0/0     8:45   0:00   1:02 
Maxim Talbot             0  1  1   1  0   2  2  1  0  1  3/10   13:29   0:00   2:29 
Michael Del Zotto        1  1  2   1  0   2  1  1  4  2  0/0    26:58   6:12   0:00 
Nazem Kadri              0  2  2   2  2   3  4  0  0  0  6/14   17:32   4:07   0:00 
Tyler Ennis              0  2  2   2  0   1  1  1  0  1  0/0    17:24   4:07   0:00 
Zach Parise              0  0  0  -1  5   4  2  0  0  0  1/4    19:06   5:02   1:25 

Players Stats for Penguins

Player Name              G  A  P  +/- PIM S  H  SB GA TA FO     MP     PP MP  PK MP  
------------------------------------------------------------------------------------
Andrew Cogliano          0  1  1   0  0   3  0  0  2  0  0/0    17:51   2:02   3:57 
Bobby Ryan               0  0  0  -2  0   2  1  0  3  1  0/1    18:20   2:14   0:00 
Brayden Schenn           0  1  1   0  2   2  3  0  0  1  6/11   16:16   0:00   3:46 
Brian McGrattan          2  0  2   0  5   3  0  0  0  2  2/2    14:05   1:49   1:56 
D.J King                 0  0  0   0  0   0  0  0  0  1  2/3    10:19   0:00   3:09 
Dion Phaneuf             0  0  0  -1  0   2  3  2  0  0  0/0    27:41   1:58   4:51 
Duncan Keith             0  0  0   1  0   1  2  4  0  0  0/0    21:07   2:15   4:18 
Eric Gryba               0  0  0  -2  0   0  1  0  0  0  0/0    11:12   0:00   0:00 
Josef Vasicek            0  0  0   0  0   0  0  0  1  0  0/0     6:39   0:00   0:04 
Justin Williams          0  1  1   0  2   0  2  0  0  0  0/1    11:29   0:00   0:00 
Keith Aulie              0  1  1   1  0   2  4  1  1  0  0/0    21:07   2:15   4:18 
Max Pacioretty           0  0  0  -2  4   1  3  0  0  0  1/1    18:32   2:21   0:03 
Nikita Alexeev           0  0  0   0  0   0  0  0  0  0  0/0     6:33   0:00   0:00 
Paul Ranger              0  0  0  -2  0   0  0  0  0  0  0/0    11:12   0:00   0:00 
Sam Gagner               0  2  2   0  0   1  2  0  0  0  8/16   16:09   1:59   1:46 
Sean Zimmerman           0  0  0  -1  0   1  2  3  1  0  0/0    27:41   1:58   4:51 
Simon Gagné              1  0  1   0  2   2  0  0  0  0  1/2    15:08   0:00   3:37 
Steven Stamkos           0  0  0  -2  0   8  3  0  1  0  15/27  19:24   2:14   0:00 

3 Stars

1 - Chris Stewart (Ari)
2 - Michael Del Zotto (Ari)
3 - Tyler Ennis (Ari)

Power Play

Coyotes - 1 on 5 Attempt(s) - 20.00%
Penguins - 1 on 3 Attempt(s) - 33.33%

Penalty Kill

Coyotes - 2 on 3 Attempt(s) - 66.67% - Score 0 goal in Penalty Kill
Penguins - 4 on 5 Attempt(s) - 80.00% - Score 0 goal in Penalty Kill

Team Stat

Coyotes - Hits : 24 - Faceoff Wins : 29 - Blocked Shots : 11 - Penalty Minutes : 11
Penguins - Hits : 26 - Faceoff Wins : 35 - Blocked Shots : 10 - Penalty Minutes : 15

Official

Referees : Meier Brad and Leggo Mike
Linesman : Brian Mach and Shane Heyer

Game Notes

Kristopher Letang is injured at 6:17 of 1st period (Back)
Brian McGrattan beats up Zach Parise at 0:45 of 3rd period

Finance

Level 1 -- Attendance: 5930 (98.83%) -- Ticket Income $486,260
Level 2 -- Attendance: 4967 (99.34%) -- Ticket Income $223,515
Level 3 -- Attendance: 2000 (100.00%) -- Ticket Income $66,000
Level 4 -- Attendance: 4000 (100.00%) -- Ticket Income $100,000
Luxury Box -- Attendance: 1000 (100.00%) -- Ticket Income $165,000
Game was played at the Igloo.
Total Attendance: 17897 (99.43%)
Total Ticket Income: $1,040,775
Other Income: $156,116
Total Income: $1,196,891

Coyotes

5 vs 5 Forward 
   Center                   Left Wing                Right Wing               Time % Phy DF OF 
 1 Brad Richards            Zach Parise              Marian Gaborik           37     1   2  2  
 2 Nazem Kadri              Tyler Ennis              Chris Stewart            30     0   2  3  
 3 Maxim Talbot             Mark Bell                Enver Lisin              20     1   2  2  
 4 Brooks Laich             Martin Samuelsson        Chris Neil               13     1   2  2  

5 vs 5 Defense 
   Defense                  Defense                                           Time % Phy DF OF 
 1 Kristopher Letang        Anton Stralman                                    42     1   2  2  
 2 Josh Gorges              Eric Brewer                                       34     1   2  2  
 3 Michael Del Zotto        Greg Zanon                                        24     1   2  2  
 4 Kristopher Letang        Josh Gorges                                       0      1   2  2  

PowerPlay Forward 
   Center                   Left Wing                Right Wing               Time % Phy DF OF 
 1 Brad Richards            Zach Parise              Marian Gaborik           60     1   1  3  
 2 Nazem Kadri              Tyler Ennis              Chris Stewart            40     1   1  3  

PowerPlay Defense
   Defense                  Defense                                           Time % Phy DF OF 
 1 Kristopher Letang        Michael Del Zotto                                 60     1   1  3  
 2 Anton Stralman           Eric Brewer                                       40     1   1  3  

Penalty Kill 4 Players Forward 
   Center                   Wing                     Time % Phy DF OF 
 1 Maxim Talbot             Mark Bell                60     1   3  1  
 2 Brad Richards            Martin Samuelsson        40     1   3  1  

Penalty Kill 4 Players Defense
   Defense                  Defense                  Time % Phy DF OF 
 1 Greg Zanon               Anton Stralman           60     1   4  0  
 2 Josh Gorges              Eric Brewer              40     1   4  0  

Penalty Kill - 3 Players Forward 
   Forward                                           Time % Phy DF OF 
 1 Brad Richards                                     60     1   3  1  
 2 Zach Parise                                       40     1   3  1  

Penalty Kill - 3 Players Defense
   Defense                  Defense                  Time % Phy DF OF 
 1 Greg Zanon               Anton Stralman           60     1   4  0  
 2 Josh Gorges              Eric Brewer              40     1   4  0  

4 vs 4 Forward 
   Center                   Wing                     Time % Phy DF OF 
 1 Brad Richards            Zach Parise              60     1   2  2  
 2 Nazem Kadri              Marian Gaborik           40     1   2  2  

4 vs 4 Defense
   Defense                  Defense                  Time % Phy DF OF 
 1 Kristopher Letang        Anton Stralman           60     1   2  2  
 2 Josh Gorges              Eric Brewer              40     1   2  2  

Last Minutes Offensive
   Center                   Left Wing                Right Wing               Defense                  Defense                  
   Brad Richards            Zach Parise              Marian Gaborik           Kristopher Letang        Michael Del Zotto        

Last Minutes Defensive
   Center                   Left Wing                Right Wing               Defense                  Defense                  
   Brad Richards            Zach Parise              Marian Gaborik           Greg Zanon               Anton Stralman           

Goaltenders
Starting : Ryan Miller              
Backup : Maxime Daigneault        

Extra Forwards
Normal : Mark Bell, Maxim Talbot, Brooks Laich - PP : Mark Bell, Maxim Talbot - PK : Zach Parise
Extra Defensemen
Normal : Michael Del Zotto, Greg Zanon, Anton Stralman - PP : Josh Gorges - PK : Kristopher Letang, Anton Stralman
Penalty Shots
Tyler Ennis, Marian Gaborik, Zach Parise, Brad Richards, Chris Stewart

Scratches
None

Penguins

5 vs 5 Forward 
   Center                   Left Wing                Right Wing               Time % Phy DF OF 
 1 Steven Stamkos           Max Pacioretty           Bobby Ryan               40     0   2  3  
 2 Sam Gagner               Andrew Cogliano          Brian McGrattan          30     0   2  3  
 3 Brayden Schenn           Simon Gagné              Justin Williams          20     0   2  3  
 4 Josef Vasicek            D.J King                 Nikita Alexeev           10     0   2  3  

5 vs 5 Defense 
   Defense                  Defense                                           Time % Phy DF OF 
 1 Sean Zimmerman           Dion Phaneuf                                      45     1   2  2  
 2 Duncan Keith             Keith Aulie                                       33     1   2  2  
 3 Paul Ranger              Eric Gryba                                        22     1   2  2  
 4 Sean Zimmerman           Dion Phaneuf                                      0      1   2  2  

PowerPlay Forward 
   Center                   Left Wing                Right Wing               Time % Phy DF OF 
 1 Steven Stamkos           Max Pacioretty           Bobby Ryan               60     0   1  4  
 2 Sam Gagner               Andrew Cogliano          Brian McGrattan          40     0   1  4  

PowerPlay Defense
   Defense                  Defense                                           Time % Phy DF OF 
 1 Sean Zimmerman           Dion Phaneuf                                      60     0   2  3  
 2 Duncan Keith             Keith Aulie                                       40     0   2  3  

Penalty Kill 4 Players Forward 
   Center                   Wing                     Time % Phy DF OF 
 1 Brayden Schenn           Simon Gagné              60     0   4  1  
 2 Andrew Cogliano          Brian McGrattan          40     0   4  1  

Penalty Kill 4 Players Defense
   Defense                  Defense                  Time % Phy DF OF 
 1 Sean Zimmerman           Dion Phaneuf             60     1   4  0  
 2 Duncan Keith             Keith Aulie              40     1   4  0  

Penalty Kill - 3 Players Forward 
   Forward                                           Time % Phy DF OF 
 1 Brayden Schenn                                    60     0   4  1  
 2 Andrew Cogliano                                   40     0   4  1  

Penalty Kill - 3 Players Defense
   Defense                  Defense                  Time % Phy DF OF 
 1 Sean Zimmerman           Dion Phaneuf             60     1   4  0  
 2 Duncan Keith             Keith Aulie              40     1   4  0  

4 vs 4 Forward 
   Center                   Wing                     Time % Phy DF OF 
 1 Steven Stamkos           Bobby Ryan               60     0   2  3  
 2 Sam Gagner               Brian McGrattan          40     0   2  3  

4 vs 4 Defense
   Defense                  Defense                  Time % Phy DF OF 
 1 Sean Zimmerman           Dion Phaneuf             60     1   2  2  
 2 Duncan Keith             Keith Aulie              40     1   2  2  

Last Minutes Offensive
   Center                   Left Wing                Right Wing               Defense                  Defense                  
   Steven Stamkos           Max Pacioretty           Bobby Ryan               Sean Zimmerman           Dion Phaneuf             

Last Minutes Defensive
   Center                   Left Wing                Right Wing               Defense                  Defense                  
   Brayden Schenn           Andrew Cogliano          Brian McGrattan          Sean Zimmerman           Dion Phaneuf             

Goaltenders
Starting : Brian Elliott            
Backup : Josh Tordjman            

Extra Forwards
Normal : Steven Stamkos, Sam Gagner, Brayden Schenn - PP : Max Pacioretty, Andrew Cogliano - PK : D.J King
Extra Defensemen
Normal : Sean Zimmerman, Duncan Keith, Eric Gryba - PP : Paul Ranger - PK : Sean Zimmerman, Keith Aulie
Penalty Shots
Max Pacioretty, Bobby Ryan, Steven Stamkos, Brayden Schenn, Andrew Cogliano

Scratches
Nathan Horton (Strained Left Knee Injury)

% Time on Ice - Coyotes

Lines # - Real PCT - Wanted PCT - Time Play
Normal Forward
1 - 31% - 37% - 14:40
2 - 29% - 30% - 13:27
3 - 24% - 20% - 11:00
4 - 16% - 13% - 7:31
Normal Defense
1 - 43% - 42% - 20:05
2 - 29% - 34% - 13:26
3 - 16% - 24% - 7:18
4 - 12% - 0% - 5:49
PP Forward
1 - 55% - 60% - 5:02
2 - 45% - 40% - 4:07
PP Defense
1 - 68% - 60% - 6:12
2 - 32% - 40% - 2:57
PK Forward
1 - 72% - 60% - 3:02
2 - 28% - 40% - 1:11
PK Defense
1 - 81% - 60% - 3:24
2 - 19% - 40% - 0:49
PK3 Forward
1 - 0% - 60%
2 - 0% - 40%
PK3 Defense
1 - 0% - 60%
2 - 0% - 40%
44 Forward
1 - 0% - 60%
2 - 0% - 40%
44 Defense
1 - 0% - 60%
2 - 0% - 40%
Last Minute Offensive  - 0:00
Last Minute Defensive  - 0:00
Total
Forward - 60:00
Defense - 60:00

% Time on Ice - Penguins

Lines # - Real PCT - Wanted PCT - Time Play
Normal Forward
1 - 36% - 40% - 16:43
2 - 25% - 30% - 11:52
3 - 25% - 20% - 11:30
4 - 14% - 10% - 6:33
Normal Defense
1 - 45% - 45% - 20:52
2 - 31% - 33% - 14:34
3 - 24% - 22% - 11:12
4 - 0% - 0% - 0:00
PP Forward
1 - 53% - 60% - 2:14
2 - 47% - 40% - 1:59
PP Defense
1 - 47% - 60% - 1:58
2 - 53% - 40% - 2:15
PK Forward
1 - 79% - 60% - 7:13
2 - 21% - 40% - 1:56
PK Defense
1 - 53% - 60% - 4:51
2 - 47% - 40% - 4:18
PK3 Forward
1 - 0% - 60%
2 - 0% - 40%
PK3 Defense
1 - 0% - 60%
2 - 0% - 40%
44 Forward
1 - 0% - 60%
2 - 0% - 40%
44 Defense
1 - 0% - 60%
2 - 0% - 40%
Last Minute Offensive  - 0:00
Last Minute Defensive  - 0:00
Total
Forward - 60:00
Defense - 60:00

Play by Play

1st period


0:01 of 1st period - Brad Richards wins face-off versus Steven Stamkos in neutral zone.
0:08 of 1st period - Slapshot by Zach Parise.
0:08 of 1st period - Stopped by Brian Elliott without a rebound.
0:09 of 1st period - Steven Stamkos wins face-off versus Brad Richards in Penguins zone.
0:26 of 1st period - Snap shot by Zach Parise.
0:26 of 1st period - Stopped by Brian Elliott without a rebound.
0:27 of 1st period - Sam Gagner wins face-off versus Nazem Kadri in Penguins zone.
0:36 of 1st period - Slapshot by Brian McGrattan.
0:36 of 1st period - Shot Blocked by Josh Gorges.
0:38 of 1st period - Snap shot by Duncan Keith.
0:38 of 1st period - Deflect By Brian McGrattan.
0:38 of 1st period - Shot Hit the Post.
0:38 of 1st period - Puck is out of play.
0:39 of 1st period - Brayden Schenn wins face-off versus Maxim Talbot in Coyotes zone.
0:48 of 1st period - Wrist shot by Brayden Schenn.
0:48 of 1st period - Stopped by Ryan Miller without a rebound.
0:49 of 1st period - Maxim Talbot wins face-off versus Brayden Schenn in Coyotes zone.
0:49 of 1st period - Maxim Talbot is hit by Brayden Schenn.
1:16 of 1st period - Minor Penalty to Brayden Schenn for Hooking.
1:17 of 1st period - D.J King wins face-off versus Marian Gaborik in Penguins zone.
1:43 of 1st period - D.J King is hit by Nazem Kadri and loses puck.
3:16 of 1st period - Penalty to Brayden Schenn is over, Brayden Schenn is back on ice.
3:46 of 1st period - Snap shot by Brayden Schenn.
3:46 of 1st period - Stopped by Ryan Miller without a rebound.
3:47 of 1st period - Steven Stamkos wins face-off versus Maxim Talbot in Coyotes zone.
4:54 of 1st period - Duncan Keith is hit by Brooks Laich and loses puck.
4:59 of 1st period - Wrist shot by Martin Samuelsson.
4:59 of 1st period - Stopped by Brian Elliott with a rebound.
5:01 of 1st period - Snap shot by Josh Gorges.
5:01 of 1st period - Shot Blocked by Duncan Keith.
5:03 of 1st period - Snap shot by Martin Samuelsson.
5:03 of 1st period - Stopped by Brian Elliott without a rebound.
5:04 of 1st period - Nazem Kadri wins face-off versus Brayden Schenn in Penguins zone.
5:07 of 1st period - Slapshot by Nazem Kadri.
5:07 of 1st period - Stopped by Brian Elliott with a rebound.
5:35 of 1st period - Josh Gorges is hit by Justin Williams and loses puck.
6:17 of 1st period - Snap shot by D.J King.
6:17 of 1st period - Shot Blocked by Kristopher Letang.
6:17 of 1st period - Kristopher Letang from Coyotes is injured at 6:17 of 1st period (Back).
6:18 of 1st period - Sam Gagner wins face-off versus Nazem Kadri in Coyotes zone.
6:33 of 1st period - Snap shot by Nazem Kadri.
6:33 of 1st period - Deflect By Tyler Ennis.
6:33 of 1st period - Shot Blocked by Duncan Keith.
6:33 of 1st period - Puck is out of play.
6:34 of 1st period - Steven Stamkos wins face-off versus Brad Richards in Penguins zone.
6:46 of 1st period - Off-side.
6:47 of 1st period - Sam Gagner wins face-off versus Brad Richards in neutral zone.
8:25 of 1st period - Snap shot by Brad Richards.
8:25 of 1st period - Stopped by Brian Elliott with a rebound.
9:03 of 1st period - Eric Gryba is hit by Chris Neil.
9:09 of 1st period - Snap shot by Steven Stamkos.
9:09 of 1st period - Stopped by Ryan Miller with a rebound.
9:36 of 1st period - Wrist shot by Andrew Cogliano.
9:36 of 1st period - Stopped by Ryan Miller with a rebound.
9:38 of 1st period - Slapshot by Andrew Cogliano.
9:38 of 1st period - Shot Misses the Net.
10:02 of 1st period - Maxim Talbot is hit by Sean Zimmerman and loses puck.
10:08 of 1st period - Icing by Eric Brewer.
10:09 of 1st period - Maxim Talbot wins face-off versus Steven Stamkos in Coyotes zone.
10:14 of 1st period - Wrist shot by Mark Bell.
10:14 of 1st period - Shot Misses the Net.
10:16 of 1st period - Slapshot by Mark Bell.
10:16 of 1st period - Shot Misses the Net.
10:18 of 1st period - Slapshot by Josh Gorges.
10:18 of 1st period - Stopped by Brian Elliott with a rebound.
10:20 of 1st period - Slapshot by Josh Gorges.
10:20 of 1st period - Stopped by Brian Elliott without a rebound.
10:21 of 1st period - Sam Gagner wins face-off versus Nazem Kadri in Penguins zone.
10:40 of 1st period - Andrew Cogliano is hit by Nazem Kadri and loses puck.
11:07 of 1st period - Max Pacioretty is hit by Anton Stralman and loses puck.
11:38 of 1st period - Sean Zimmerman is hit by Josh Gorges and loses puck.
11:59 of 1st period - Sean Zimmerman is hit by Tyler Ennis and loses puck.
12:41 of 1st period - Wrist shot by Steven Stamkos.
12:41 of 1st period - Stopped by Ryan Miller with a rebound.
12:49 of 1st period - Slapshot by Steven Stamkos.
12:49 of 1st period - Shot Misses the Net.
13:00 of 1st period - Icing by Chris Stewart.
13:01 of 1st period - Nazem Kadri wins face-off versus Sam Gagner in Coyotes zone.
13:14 of 1st period - Snap shot by Tyler Ennis.
13:14 of 1st period - Stopped by Brian Elliott without a rebound.
13:15 of 1st period - Brad Richards wins face-off versus Steven Stamkos in Penguins zone.
13:30 of 1st period - Bobby Ryan is hit by Marian Gaborik and loses puck.
13:47 of 1st period - Off-side.
13:48 of 1st period - Nazem Kadri wins face-off versus Sam Gagner in neutral zone.
14:21 of 1st period - Brad Richards is hit by Eric Gryba.
14:39 of 1st period - Slapshot by Maxim Talbot.
14:39 of 1st period - Stopped by Brian Elliott without a rebound.
14:40 of 1st period - Brayden Schenn wins face-off versus Nazem Kadri in Penguins zone.
14:47 of 1st period - Tyler Ennis is hit by Brayden Schenn and loses puck.
15:26 of 1st period - Duncan Keith is hit by Zach Parise and loses puck.
15:37 of 1st period - Wrist shot by Simon Gagné.
15:37 of 1st period - Shot Blocked by Marian Gaborik.
15:39 of 1st period - Snap shot by Duncan Keith.
15:39 of 1st period - Deflect By Brayden Schenn.
15:39 of 1st period - Shot Blocked by Marian Gaborik.
15:39 of 1st period - Puck is out of play.
15:40 of 1st period - Nazem Kadri wins face-off versus Steven Stamkos in Coyotes zone.
15:40 of 1st period - Nazem Kadri is hit by Steven Stamkos.
15:51 of 1st period - Minor Penalty to Max Pacioretty for Slashing.
15:52 of 1st period - Brayden Schenn wins face-off versus Brad Richards in Penguins zone.
16:03 of 1st period - Slapshot by Josh Gorges.
16:03 of 1st period - Shot Misses the Net.
16:05 of 1st period - Backhand shot by Chris Stewart.
16:05 of 1st period - Stopped by Brian Elliott without a rebound.
16:06 of 1st period - Simon Gagné wins face-off versus Nazem Kadri in Penguins zone.
17:51 of 1st period - Penalty to Max Pacioretty is over, Max Pacioretty is back on ice.
18:57 of 1st period - Greg Zanon is hit by Max Pacioretty and loses puck.
19:09 of 1st period - Keith Aulie is hit by Maxim Talbot and loses puck.
Goals for this period are 0 for Coyotes vs 0 for Penguins.
Shots for this period are 11 for Coyotes vs 5 for Penguins.

2nd period


0:01 of 2nd period - Steven Stamkos wins face-off versus Brad Richards in neutral zone.
0:36 of 2nd period - Snap shot by Tyler Ennis.
0:36 of 2nd period - Shot Misses the Net.
0:38 of 2nd period - Snap shot by Chris Stewart.
0:38 of 2nd period - Goal by Chris Stewart - Coyotes : 1 - Penguins : 0.
0:39 of 2nd period - Steven Stamkos wins face-off versus Brad Richards in neutral zone.
0:50 of 2nd period - Snap shot by Steven Stamkos.
0:50 of 2nd period - Shot Misses the Net.
0:52 of 2nd period - Wrist shot by Sean Zimmerman.
0:52 of 2nd period - Shot Misses the Net.
0:54 of 2nd period - Wrist shot by Steven Stamkos.
0:54 of 2nd period - Stopped by Ryan Miller without a rebound.
0:55 of 2nd period - Brian McGrattan wins face-off versus Nazem Kadri in Coyotes zone.
1:00 of 2nd period - Slapshot by Brian McGrattan.
1:00 of 2nd period - Stopped by Ryan Miller with a rebound.
1:20 of 2nd period - Chris Stewart is hit by Dion Phaneuf and loses puck.
1:33 of 2nd period - Slapshot by Greg Zanon.
1:33 of 2nd period - Shot Misses the Net.
1:35 of 2nd period - Snap shot by Nazem Kadri.
1:35 of 2nd period - Stopped by Brian Elliott with a rebound.
1:43 of 2nd period - Snap shot by Nazem Kadri.
1:43 of 2nd period - Shot Blocked by Sean Zimmerman.
1:45 of 2nd period - Backhand shot by Michael Del Zotto.
1:45 of 2nd period - Shot Blocked by Dion Phaneuf.
1:47 of 2nd period - Wrist shot by Tyler Ennis.
1:47 of 2nd period - Shot Misses the Net.
1:49 of 2nd period - Wrist shot by Anton Stralman.
1:49 of 2nd period - Shot Blocked by Sean Zimmerman.
1:51 of 2nd period - Snap shot by Chris Stewart.
1:51 of 2nd period - Shot Blocked by Sean Zimmerman.
1:53 of 2nd period - Snap shot by Nazem Kadri.
1:53 of 2nd period - Stopped by Brian Elliott without a rebound.
1:54 of 2nd period - Brad Richards wins face-off versus Steven Stamkos in Penguins zone.
2:11 of 2nd period - Backhand shot by Keith Aulie.
2:11 of 2nd period - Deflect By Zach Parise.
2:11 of 2nd period - Stopped by Ryan Miller with a rebound.
2:25 of 2nd period - Martin Samuelsson is hit by Sam Gagner and loses puck.
2:48 of 2nd period - Slapshot by Maxim Talbot.
2:48 of 2nd period - Shot Misses the Net.
3:04 of 2nd period - Wrist shot by Simon Gagné.
3:04 of 2nd period - Stopped by Ryan Miller without a rebound.
3:05 of 2nd period - Brad Richards wins face-off versus Justin Williams in Coyotes zone.
3:05 of 2nd period - Brad Richards is hit by Justin Williams.
3:15 of 2nd period - Slapshot by Zach Parise.
3:15 of 2nd period - Shot Misses the Net.
3:17 of 2nd period - Minor Penalty to Justin Williams for Hooking.
3:18 of 2nd period - Brad Richards wins face-off versus Brayden Schenn in Penguins zone.
3:19 of 2nd period - Snap shot by Marian Gaborik.
3:19 of 2nd period - Deflect By Simon Gagné.
3:19 of 2nd period - Stopped by Brian Elliott with a rebound.
3:51 of 2nd period - Slapshot by Michael Del Zotto.
3:51 of 2nd period - Shot Misses the Net.
4:28 of 2nd period - Wrist shot by Brad Richards.
4:28 of 2nd period - Shot Blocked by Keith Aulie.
4:30 of 2nd period - Snap shot by Brad Richards.
4:30 of 2nd period - Goal by Brad Richards - Coyotes : 2 - Penguins : 0.
4:31 of 2nd period - Nazem Kadri wins face-off versus Steven Stamkos in neutral zone.
5:07 of 2nd period - Snap shot by Michael Del Zotto.
5:07 of 2nd period - Stopped by Brian Elliott with a rebound.
5:26 of 2nd period - Anton Stralman is hit by Keith Aulie and loses puck.
5:53 of 2nd period - Wrist shot by Max Pacioretty.
5:53 of 2nd period - Shot Misses the Net.
5:55 of 2nd period - Slapshot by Max Pacioretty.
5:55 of 2nd period - Shot Misses the Net.
6:15 of 2nd period - Wrist shot by Chris Stewart.
6:15 of 2nd period - Goal by Chris Stewart - Coyotes : 3 - Penguins : 0.
6:16 of 2nd period - Steven Stamkos wins face-off versus Brad Richards in neutral zone.
6:33 of 2nd period - Wrist shot by Bobby Ryan.
6:33 of 2nd period - Shot Blocked by Greg Zanon.
7:16 of 2nd period - Minor Penalty to Martin Samuelsson for Hooking.
7:17 of 2nd period - Steven Stamkos wins face-off versus Maxim Talbot in Coyotes zone.
8:20 of 2nd period - Snap shot by Sam Gagner.
8:20 of 2nd period - Stopped by Ryan Miller without a rebound.
8:21 of 2nd period - Steven Stamkos wins face-off versus Maxim Talbot in Coyotes zone.
8:34 of 2nd period - Wrist shot by Steven Stamkos.
8:34 of 2nd period - Stopped by Ryan Miller without a rebound.
8:35 of 2nd period - Zach Parise wins face-off versus Steven Stamkos in Coyotes zone.
8:44 of 2nd period - Maxim Talbot is hit by Bobby Ryan and loses puck.
9:16 of 2nd period - Penalty to Martin Samuelsson is over, Martin Samuelsson is back on ice.
9:29 of 2nd period - Duncan Keith is hit by Nazem Kadri and loses puck.
9:46 of 2nd period - Chris Stewart is hit by Keith Aulie and loses puck.
10:24 of 2nd period - Wrist shot by Mark Bell.
10:24 of 2nd period - Stopped by Brian Elliott without a rebound.
10:25 of 2nd period - Maxim Talbot wins face-off versus Steven Stamkos in Penguins zone.
10:28 of 2nd period - Snap shot by Maxim Talbot.
10:28 of 2nd period - Stopped by Brian Elliott with a rebound.
10:30 of 2nd period - Snap shot by Mark Bell.
10:30 of 2nd period - Shot Misses the Net.
10:32 of 2nd period - Slapshot by Greg Zanon.
10:32 of 2nd period - Shot Blocked by Dion Phaneuf.
11:40 of 2nd period - Wrist shot by Enver Lisin.
11:40 of 2nd period - Goal by Enver Lisin - Coyotes : 4 - Penguins : 0.
11:41 of 2nd period - Brad Richards wins face-off versus Sam Gagner in neutral zone.
11:44 of 2nd period - Sean Zimmerman is hit by Marian Gaborik.
11:48 of 2nd period - Slapshot by Brad Richards.
11:48 of 2nd period - Stopped by Brian Elliott with a rebound.
11:58 of 2nd period - Slapshot by Marian Gaborik.
11:58 of 2nd period - Stopped by Brian Elliott with a rebound.
12:08 of 2nd period - Dion Phaneuf is hit by Josh Gorges.
12:29 of 2nd period - Keith Aulie is hit by Michael Del Zotto and loses puck.
13:43 of 2nd period - Wrist shot by Sam Gagner.
13:43 of 2nd period - Shot Blocked by Greg Zanon.
14:00 of 2nd period - Snap shot by Brayden Schenn.
14:00 of 2nd period - Shot Misses the Net.
14:02 of 2nd period - Slapshot by Simon Gagné.
14:02 of 2nd period - Goal by Simon Gagné - Coyotes : 4 - Penguins : 1.
14:03 of 2nd period - Brad Richards wins face-off versus Steven Stamkos in neutral zone.
14:55 of 2nd period - Slapshot by Dion Phaneuf.
14:55 of 2nd period - Deflect By Eric Brewer.
14:55 of 2nd period - Stopped by Ryan Miller without a rebound.
14:56 of 2nd period - Brooks Laich wins face-off versus D.J King in Coyotes zone.
15:47 of 2nd period - Josh Gorges is hit by Sam Gagner and loses puck.
16:17 of 2nd period - Icing by Dion Phaneuf.
16:18 of 2nd period - Brad Richards wins face-off versus Simon Gagné in Penguins zone.
16:19 of 2nd period - Wrist shot by Zach Parise.
16:19 of 2nd period - Stopped by Brian Elliott with a rebound.
16:21 of 2nd period - Snap shot by Zach Parise.
16:21 of 2nd period - Stopped by Brian Elliott without a rebound.
16:22 of 2nd period - Steven Stamkos wins face-off versus Brad Richards in Penguins zone.
16:30 of 2nd period - Minor Penalty to Max Pacioretty for High sticking.
16:31 of 2nd period - Brayden Schenn wins face-off versus Zach Parise in Penguins zone.
16:39 of 2nd period - Dion Phaneuf is hit by Marian Gaborik and loses puck.
16:46 of 2nd period - Slapshot by Brad Richards.
16:46 of 2nd period - Stopped by Brian Elliott with a rebound.
16:48 of 2nd period - Wrist shot by Marian Gaborik.
16:48 of 2nd period - Stopped by Brian Elliott with a rebound.
18:30 of 2nd period - Penalty to Max Pacioretty is over, Max Pacioretty is back on ice.
18:50 of 2nd period - Duncan Keith is hit by Maxim Talbot and loses puck.
19:00 of 2nd period - Off-side.
19:01 of 2nd period - Sam Gagner wins face-off versus Brooks Laich in neutral zone.
19:08 of 2nd period - Wrist shot by Andrew Cogliano.
19:08 of 2nd period - Shot Misses the Net.
19:10 of 2nd period - Slapshot by Brian McGrattan.
19:10 of 2nd period - Shot Misses the Net.
19:12 of 2nd period - Slapshot by Eric Gryba.
19:12 of 2nd period - Shot Misses the Net.
19:14 of 2nd period - Slapshot by Andrew Cogliano.
19:14 of 2nd period - Stopped by Ryan Miller with a rebound.
19:24 of 2nd period - Wrist shot by Josh Gorges.
19:24 of 2nd period - Stopped by Brian Elliott without a rebound.
19:25 of 2nd period - Brayden Schenn wins face-off versus Brad Richards in Penguins zone.
19:50 of 2nd period - Dion Phaneuf is hit by Nazem Kadri and loses puck.
Goals for this period are 4 for Coyotes vs 1 for Penguins.
Shots for this period are 17 for Coyotes vs 9 for Penguins.

3rd period


0:01 of 3rd period - Steven Stamkos wins face-off versus Zach Parise in neutral zone.
0:08 of 3rd period - Wrist shot by Steven Stamkos.
0:08 of 3rd period - Shot Misses the Net.
0:10 of 3rd period - Slapshot by Sean Zimmerman.
0:10 of 3rd period - Stopped by Ryan Miller without a rebound.
0:11 of 3rd period - Marian Gaborik wins face-off versus Bobby Ryan in Coyotes zone.
0:11 of 3rd period - Marian Gaborik is hit by Dion Phaneuf.
0:19 of 3rd period - Icing by Max Pacioretty.
0:20 of 3rd period - Brad Richards wins face-off versus Steven Stamkos in Penguins zone.
0:29 of 3rd period - Backhand shot by Marian Gaborik.
0:29 of 3rd period - Shot Misses the Net.
0:31 of 3rd period - Snap shot by Michael Del Zotto.
0:31 of 3rd period - Goal by Michael Del Zotto - Coyotes : 5 - Penguins : 1.
0:32 of 3rd period - Brad Richards wins face-off versus Sam Gagner in neutral zone.
0:37 of 3rd period - Dion Phaneuf is hit by Zach Parise and loses puck.
0:45 of 3rd period - Brian McGrattan beats up Zach Parise.
0:45 of 3rd period - Penalty to Brian McGrattan for Fighting.
0:45 of 3rd period - Penalty to Zach Parise for Fighting.
0:46 of 3rd period - Steven Stamkos wins face-off versus Brad Richards in Penguins zone.
0:46 of 3rd period - Steven Stamkos is hit by Marian Gaborik.
0:56 of 3rd period - Snap shot by Steven Stamkos.
0:56 of 3rd period - Stopped by Ryan Miller without a rebound.
0:57 of 3rd period - Brad Richards wins face-off versus Sam Gagner in Coyotes zone.
1:24 of 3rd period - Chris Stewart is hit by Brayden Schenn and loses puck.
1:31 of 3rd period - Slapshot by Brayden Schenn.
1:31 of 3rd period - Shot Misses the Net.
1:33 of 3rd period - Slapshot by Keith Aulie.
1:33 of 3rd period - Deflect By Simon Gagné.
1:33 of 3rd period - Shot Blocked by Tyler Ennis.
1:33 of 3rd period - Puck is out of play.
1:34 of 3rd period - Max Pacioretty wins face-off versus Brad Richards in Coyotes zone.
1:37 of 3rd period - Snap shot by Bobby Ryan.
1:37 of 3rd period - Shot Blocked by Michael Del Zotto.
1:42 of 3rd period - Anton Stralman is hit by Duncan Keith and loses puck.
1:49 of 3rd period - Slapshot by Brad Richards.
1:49 of 3rd period - Shot Blocked by Duncan Keith.
2:33 of 3rd period - Wrist shot by Martin Samuelsson.
2:33 of 3rd period - Stopped by Brian Elliott without a rebound.
2:34 of 3rd period - Brad Richards wins face-off versus Steven Stamkos in Penguins zone.
2:47 of 3rd period - Wrist shot by Bobby Ryan.
2:47 of 3rd period - Deflect By Steven Stamkos.
2:47 of 3rd period - Stopped by Ryan Miller without a rebound.
2:48 of 3rd period - Brad Richards wins face-off versus Sam Gagner in Coyotes zone.
2:53 of 3rd period - Snap shot by Marian Gaborik.
2:53 of 3rd period - Stopped by Brian Elliott without a rebound.
2:54 of 3rd period - Sam Gagner wins face-off versus Brad Richards in Penguins zone.
3:23 of 3rd period - Wrist shot by Josh Gorges.
3:23 of 3rd period - Stopped by Brian Elliott without a rebound.
3:24 of 3rd period - Brad Richards wins face-off versus Brayden Schenn in Penguins zone.
3:49 of 3rd period - Tyler Ennis is hit by Keith Aulie and loses puck.
3:58 of 3rd period - Slapshot by Bobby Ryan.
3:58 of 3rd period - Stopped by Ryan Miller without a rebound.
3:59 of 3rd period - Brad Richards wins face-off versus Sam Gagner in Coyotes zone.
4:13 of 3rd period - Off-side.
4:14 of 3rd period - Nazem Kadri wins face-off versus Steven Stamkos in neutral zone.
4:36 of 3rd period - Minor Penalty to Nazem Kadri for Holding.
4:37 of 3rd period - Steven Stamkos wins face-off versus Maxim Talbot in Coyotes zone.
4:46 of 3rd period - Slapshot by Max Pacioretty.
4:46 of 3rd period - Stopped by Ryan Miller without a rebound.
4:47 of 3rd period - Steven Stamkos wins face-off versus Maxim Talbot in Coyotes zone.
5:00 of 3rd period - Wrist shot by Steven Stamkos.
5:00 of 3rd period - Shot Blocked by Maxim Talbot.
5:02 of 3rd period - Slapshot by Dion Phaneuf.
5:02 of 3rd period - Deflect By Max Pacioretty.
5:02 of 3rd period - Shot Misses the Net.
5:02 of 3rd period - Puck is out of play.
5:03 of 3rd period - Steven Stamkos wins face-off versus Maxim Talbot in Coyotes zone.
5:34 of 3rd period - Greg Zanon is hit by Duncan Keith.
5:45 of 3rd period - Penalty to Zach Parise is over, Zach Parise is back on ice.
6:36 of 3rd period - Penalty to Nazem Kadri is over, Nazem Kadri is back on ice.
6:54 of 3rd period - Nazem Kadri is hit by Dion Phaneuf and loses puck.
7:23 of 3rd period - Eric Gryba is hit by Chris Stewart and loses puck.
8:17 of 3rd period - Slapshot by Brad Richards.
8:17 of 3rd period - Shot Misses the Net.
8:53 of 3rd period - Wrist shot by Andrew Cogliano.
8:53 of 3rd period - Stopped by Ryan Miller without a rebound.
8:54 of 3rd period - Brian McGrattan wins face-off versus Brad Richards in Coyotes zone.
9:12 of 3rd period - Marian Gaborik is hit by Keith Aulie and loses puck.
9:21 of 3rd period - Snap shot by Sam Gagner.
9:21 of 3rd period - Shot Misses the Net.
9:23 of 3rd period - Slapshot by Keith Aulie.
9:23 of 3rd period - Shot Blocked by Greg Zanon.
9:25 of 3rd period - Slapshot by Keith Aulie.
9:25 of 3rd period - Shot Blocked by Greg Zanon.
9:27 of 3rd period - Slapshot by Duncan Keith.
9:27 of 3rd period - Shot Misses the Net.
9:29 of 3rd period - Slapshot by Keith Aulie.
9:29 of 3rd period - Shot Misses the Net.
10:11 of 3rd period - Wrist shot by Marian Gaborik.
10:11 of 3rd period - Shot Misses the Net.
10:21 of 3rd period - Snap shot by Andrew Cogliano.
10:21 of 3rd period - Shot Misses the Net.
10:23 of 3rd period - Slapshot by Dion Phaneuf.
10:23 of 3rd period - Stopped by Ryan Miller without a rebound.
10:24 of 3rd period - Steven Stamkos wins face-off versus Nazem Kadri in Coyotes zone.
10:39 of 3rd period - Wrist shot by Bobby Ryan.
10:39 of 3rd period - Stopped by Ryan Miller with a rebound.
10:41 of 3rd period - Slapshot by Duncan Keith.
10:41 of 3rd period - Stopped by Ryan Miller with a rebound.
11:59 of 3rd period - Minor Penalty to Simon Gagné for Slashing.
12:00 of 3rd period - Brayden Schenn wins face-off versus Nazem Kadri in Penguins zone.
12:45 of 3rd period - Snap shot by Tyler Ennis.
12:45 of 3rd period - Shot Blocked by Duncan Keith.
12:47 of 3rd period - Wrist shot by Nazem Kadri.
12:47 of 3rd period - Deflect By Keith Aulie.
12:47 of 3rd period - Shot Misses the Net.
12:47 of 3rd period - Puck is out of play.
12:48 of 3rd period - D.J King wins face-off versus Brad Richards in Penguins zone.
12:57 of 3rd period - Brayden Schenn is hit by Marian Gaborik and loses puck.
13:59 of 3rd period - Penalty to Simon Gagné is over, Simon Gagné is back on ice.
14:04 of 3rd period - Eric Brewer is hit by Steven Stamkos and loses puck.
15:01 of 3rd period - Josh Gorges is hit by Sean Zimmerman and loses puck.
15:30 of 3rd period - Sean Zimmerman is hit by Greg Zanon and loses puck.
16:45 of 3rd period - Greg Zanon is hit by Steven Stamkos and loses puck.
17:15 of 3rd period - Paul Ranger is hit by Mark Bell.
17:25 of 3rd period - Josh Gorges is hit by Max Pacioretty and loses puck.
18:08 of 3rd period - Josh Gorges is hit by Max Pacioretty and loses puck.
18:25 of 3rd period - Snap shot by Steven Stamkos.
18:25 of 3rd period - Stopped by Ryan Miller with a rebound.
18:31 of 3rd period - Slapshot by Steven Stamkos.
18:31 of 3rd period - Stopped by Ryan Miller without a rebound.
18:32 of 3rd period - Sam Gagner wins face-off versus Brad Richards in Coyotes zone.
18:33 of 3rd period - Wrist shot by Andrew Cogliano.
18:33 of 3rd period - Shot Misses the Net.
18:35 of 3rd period - Slapshot by Sam Gagner.
18:35 of 3rd period - Shot Misses the Net.
18:37 of 3rd period - Wrist shot by Brian McGrattan.
18:37 of 3rd period - Goal by Brian McGrattan - Coyotes : 5 - Penguins : 2.
18:38 of 3rd period - Sam Gagner wins face-off versus Zach Parise in neutral zone.
19:04 of 3rd period - Justin Williams is hit by Greg Zanon and loses puck.
19:22 of 3rd period - Minor Penalty to Josh Gorges for Holding.
19:23 of 3rd period - Brad Richards wins face-off versus Sam Gagner in Coyotes zone.
19:35 of 3rd period - Slapshot by Keith Aulie.
19:35 of 3rd period - Stopped by Ryan Miller with a rebound.
19:37 of 3rd period - Wrist shot by Brian McGrattan.
19:37 of 3rd period - Goal by Brian McGrattan - Coyotes : 5 - Penguins : 3.
19:38 of 3rd period - Brooks Laich wins face-off versus Brayden Schenn in neutral zone.
Goals for this period are 1 for Coyotes vs 2 for Penguins.
Shots for this period are 4 for Coyotes vs 14 for Penguins.